[Event "14th Karen Asrian Memorial 2024"]
[Site "Yerevan"]
[Date "2024.04.29"]
[Round "6.3"]
[White "Pranesh M"]
[Black "Hayrapetyan, Edgar"]
[Result "1-0"]
[ECO "B45"]
[WhiteElo "2538"]
[BlackElo "2340"]
[Annotator "TA"]
[PlyCount "101"]
[EventDate "2024.04.24"]
[EventType "swiss"]
[EventCountry "ARM"]
[SourceTitle "playchess.com"]
[Source "ChessBase"]
[SourceQuality "1"]
[TimeControl "40/5400+30:1800+30"]

1. e4 c5 2. Nf3 e6 3. d4 cxd4 4. Nxd4 Nf6 5. Nc3 Nc6 6. Nxc6 bxc6 7. e5 Nd5 8. Ne4 Qc7 9. f4 $1 Rb8 10. a3 (10. c4 $5) 10... Qb6 11. Bd3 Ba6 {[%emt 0:09:09] White is slightly better.} 12. Bxa6 Qxa6 13. Qe2 Qxe2+ 14. Kxe2 f5 15. Nf2 a5 16. Nd3 a4 17. Bd2 Be7 18. c4 Nc7 19. Bb4 Kf7 20. Bd6 Rb7 21. Rhd1 {[%emt 0:09:41] [#] Threatens to win with Nc5.} Rd8 22. Bxc7 Rxc7 23. c5 Rb8 24. Rac1 Ra7 25. Rc4 Rb5 26. Rdc1 Raa5 27. Rb4 g5 28. g3 g4 (28... h6 $11) 29. Rcc4 $14 h5 30. Kf1 (30. Rxa4 Rxa4 31. Rxa4 Bxc5 $11) 30... Ke8 $2 (30... Ra7 $11) 31. Kg2 $2 (31. Rxa4 $18 h4 (31... Rxa4 $2 32. Rxa4 Rb8 33. Ra7 $18) 32. Rxa5 Rxa5 33. Rc3 hxg3 34. hxg3) 31... Kd8 $2 (31... Ra7 $11) 32. h4 $2 ({White has to play} 32. Rxa4 $18 {aiming for Kf1.} Rxa4 33. Rxa4) 32... Kc7 $11 33. Kf1 Ra7 (33... Bxc5 $2 {too greedy.} 34. Rxb5 (34. Rxa4 Rxa4 35. Rxa4 Be3 $11) 34... Rxb5 35. Rxc5 $18 (35. Nxc5 Rxb2 36. Rc3 Rb1+ 37. Ke2 Ra1 $18)) 34. Ke2 Raa5 35. Kd2 Rxb4 $4 {[%emt 0:00:48][%mdl 8192] Loses the game.} (35... Ra8 $11 {and Black is okay.}) 36. axb4 {[%emt 0:00:15][%mdl 4096] Endgame. KRB-KRN} Ra8 {[%emt 0:00:01] [#]} (36... Ra7 $142 37. Rc3 Kb8) 37. Rc3 $1 $18 Kb8 38. Ra3 Ra7 39. Kc3 Kb7 40. Kc4 Ra8 41. Nc1 Bd8 42. Ne2 Ra7 $2 (42... Be7 43. Kd3 (43. Nc3 Rg8 $18) 43... Ra7) 43. Nc3 Ra8 44. Nxa4 Ra7 45. b3 Ra8 46. Ra2 Ra7 47. Rd2 Kc8 48. b5 cxb5+ 49. Kxb5 Rb7+ 50. Nb6+ Kb8 51. b4 {[%emt 0:00:48] Weighted Error Value: White=0.13 (very precise) /Black=0.67.  Loses game:     	---       	Black=3      Missed win:     	White=2     	---        Mistake:       	---       	Black=3      Inaccurate:     	White=3     	---        OK:         	White=19    	Black=8      Best:        	---       	Black=1      Strong:       	White=1     	---} 1-0

[Event "14th Karen Asrian Memorial 2024"]
[Site "Yerevan"]
[Date "2024.04.29"]
[Round "6.4"]
[White "Babujian, Levon"]
[Black "Davtyan, Artur"]
[Result "1-0"]
[ECO "B90"]
[WhiteElo "2338"]
[BlackElo "2474"]
[Annotator "TA"]
[PlyCount "83"]
[EventDate "2024.04.24"]
[EventType "swiss"]
[EventCountry "ARM"]
[SourceTitle "playchess.com"]
[Source "ChessBase"]
[SourceQuality "1"]
[TimeControl "40/5400+30:1800+30"]

1. e4 c5 2. Nf3 d6 3. d4 cxd4 4. Nxd4 Nf6 5. Nc3 a6 6. Be3 e5 7. Nb3 Be6 8. f3 h5 9. Qd2 Nbd7 10. Nd5 Bxd5 11. exd5 g6 12. O-O-O {[%emt 0:00:46] White has an edge.} Nb6 13. Qa5 Bh6 14. Bxh6 Rxh6 15. Kb1 Kf8 16. c4 Kg7 17. c5 Nbxd5 (17... dxc5 $1 $11 18. Nxc5 Nfxd5) 18. Bc4 $14 Ne3 19. Rxd6 Qe7 20. Qc3 $36 {[%mdl 2048] Black is under pressure.} Nxg2 ({Better is} 20... Nxc4 $14 21. Qxc4 h4) 21. Na5 (21. Rhd1 $16) 21... Rc8 22. b4 {[%cal Oa5b7] Nxb7! is the strong threat.} h4 $2 {[#]} (22... Rhh8 $14) 23. Rhd1 (23. Nxb7 $1 $18 {[%cal Oh1d1] is the precise move to win. aiming for Rhd1!} Ne8 (23... Qxb7 $2 24. Bxa6 Qb8 25. Bxc8 $18) 24. Rb6 (24. Rxa6 Qxb7 25. Qxe5+ Kh7 $14)) 23... Rh5 $2 (23... Rc7 $16) 24. c6 bxc6 25. Bxa6 {White has more active pieces.} (25. Nxc6 $6 Qb7 26. Nxe5 Rf5 $16) 25... Ra8 (25... Nd5 $2 26. Qc5 (26. Rxc6 $2 Nxc3+ 27. Ka1 Rxc6 $19) (26. R6xd5 cxd5 27. Bxc8 d4 $18) 26... Rc7 27. Nxc6 (27. Rxc6 $2 Rxc6 28. Nxc6 Qxc5 $19) 27... Nxb4 28. Qxb4 $18) (25... Rc7 $16 26. Nxc6 Ne8 27. Nxe7 Rxc3) 26. Nxc6 $18 Qc7 27. b5 Rf5 (27... Qb6 $142) 28. Qb2 {Hoping for b6.} Ne3 29. b6 Nxd1 (29... Rxa6 $2 30. bxc7 Nxd1 31. Qc1 (31. c8=Q Rxc6 32. Qxc6 Nxb2 $18) (31. Qb3 Rb6 $18) 31... Rxf3 32. Qxd1 $18 (32. c8=R $2 Nc3+ $19) (32. Rxd1 Ra8 $18)) 30. bxc7 Nxb2 {[#]} 31. Nb8 $1 (31. Kxb2 Ne8 32. c8=Q Rxc8 33. Bxc8 Nxd6 $11) 31... Ne8 {[#]} (31... Rf4 {was worth a try.}) 32. Rxg6+ $3 Kxg6 33. c8=Q (33. c8=R $2 Nd6 34. Rh8 Nbc4 35. Bxc4 Nxc4 $19) 33... Rf6 {Repels Qc6} 34. Bb7 ({Less strong is} 34. Qxe8 Rfxa6 35. Qg8+ (35. Kxb2 Rb6+ 36. Kc2 Raxb8 $17) (35. Qxe5 Re6 $11) 35... Kh6 $16) 34... Ra4 35. Qxe8 Rb4 36. Qg8+ Kh5 37. Qh8+ Kg5 38. Qg7+ Rg6 39. Qxe5+ Kh6 40. Qh8+ {White mates.} Kg5 41. Qd8+ Rf6 42. Qa5+ {[%emt 0:00:00] Weighted Error Value: White=0.23 (precise) /Black=0.91.  Loses game:     	---       	Black=3      Mistake:       	White=2     	Black=4      Inaccurate:     	White=2     	Black=2      OK:         	White=8     	Black=8      Best:        	White=5     	Black=3      Strong:       	White=1     	---        Brilliant:      	White=1     	---} 1-0

[Event "14th Karen Asrian Memorial 2024"]
[Site "Yerevan"]
[Date "2024.04.29"]
[Round "6.5"]
[White "Korshunov, Sergey And."]
[Black "Shahinyan, David"]
[Result "1/2-1/2"]
[ECO "C02"]
[WhiteElo "2286"]
[BlackElo "2441"]
[Annotator "TA"]
[PlyCount "125"]
[EventDate "2024.04.24"]
[EventType "swiss"]
[EventCountry "ARM"]
[SourceTitle "playchess.com"]
[Source "ChessBase"]
[SourceQuality "1"]
[TimeControl "40/5400+30:1800+30"]

1. e4 e6 2. d4 d5 3. e5 Bd7 4. Nf3 a6 5. Be2 Bb5 6. O-O {[%emt 0:00:08] C02: French: Advance Variation.} Bxe2 7. Qxe2 Ne7 8. Rd1 Nd7 $146 ({Predecessor:} 8... Nf5 9. Nbd2 g5 10. g4 Ng7 11. Nf1 Be7 12. Be3 Nd7 13. Ng3 Nf8 14. Qd2 h6 {0-1 Yamada,K (2207)-Averbukh,A (2153) JPN-ch Tokyo 2023 (7)}) 9. b3 Ng6 10. c4 c6 11. Nbd2 Be7 12. Nf1 O-O 13. g3 Re8 14. h4 h6 15. h5 Nh8 16. Bf4 f6 17. Ne3 Nf7 18. Ng4 f5 19. Ne3 Nf8 20. Ng2 Ng5 21. Be3 Ne4 22. Rac1 Ba3 23. Rc2 a5 24. Nd2 Nxd2 25. Bxd2 Be7 26. Nf4 dxc4 27. Qxc4 ({White should try} 27. bxc4 $14 Qxd4 28. Bxa5) 27... Bg5 $11 28. Nd3 Bxd2 29. Rdxd2 Qe7 30. Nf4 Nd7 31. Kg2 Rad8 32. Qc3 Ra8 33. Rb2 Nb6 34. Qc5 Ra6 (34... Qd8 {is interesting.} 35. Rdc2 Kf7 36. Rb1 Nd7) 35. Rbc2 Qd7 (35... Qf7 {seems wilder.} 36. Ng6 Nd5 37. a3 Rd8) 36. Re2 Qf7 37. Qd6 Raa8 38. Qc5 Ra6 39. Qd6 Raa8 40. Qc5 Nc8 (40... Nd5 $15 41. Nxd5 cxd5) 41. Rb2 Ne7 42. b4 axb4 43. Qxb4 Nd5 44. Qxb7 Nxf4+ 45. gxf4 Qxh5 46. Re3 Qf7 47. Rg3 Ra7 48. Qxc6 Rc7 49. Qa4 Rc1 50. Rc2 Qb7+ 51. Rf3 Rc8 52. Qb3 (52. Rxc1 Rxc1 53. Qb3 (53. Qe8+ $2 Kh7 $19) 53... Qc6 $15) 52... Qd7 53. Rxc8+ Rxc8 54. Rd3 Rd8 55. a4 Kh7 {[%emt 0:00:55] [#]} 56. Qb5 (56. a5 $1 $16) 56... Qf7 57. Qc6 Rb8 58. d5 Rb1 59. Qxe6 (59. dxe6 $2 {loses.} Qh5 60. Rh3 Qd1 $19) 59... Qh5 60. Rh3 Qg4+ 61. Rg3 Qh5 62. Rh3 Qg4+ 63. Rg3 1/2-1/2

[Event "14th Karen Asrian Memorial 2024"]
[Site "Yerevan"]
[Date "2024.04.29"]
[Round "6.6"]
[White "Hakobyan, Erik"]
[Black "Danielyan, Vahe"]
[Result "0-1"]
[ECO "C54"]
[WhiteElo "2383"]
[BlackElo "2331"]
[Annotator "TA"]
[PlyCount "108"]
[EventDate "2024.04.24"]
[EventType "swiss"]
[EventCountry "ARM"]
[SourceTitle "playchess.com"]
[Source "ChessBase"]
[SourceQuality "1"]
[TimeControl "40/5400+30:1800+30"]

1. e4 e5 2. Nf3 Nc6 3. Bc4 Bc5 4. c3 Nf6 5. d3 d6 6. O-O a5 7. h3 h6 8. Re1 O-O {[%emt 0:00:32] The position is equal.} 9. Nbd2 Be6 10. Bb5 Qb8 11. Nf1 $1 Qa7 12. Be3 Bxe3 13. Nxe3 Ne7 14. Ba4 Ng6 15. Bc2 Qb6 16. b3 Rfe8 17. Qd2 Rad8 18. d4 c6 19. Rad1 Qc7 20. c4 Bc8 21. Qc3 exd4 22. Qxd4 Nf4 23. Nd2 (23. Nh4 {is more complex.} c5 24. Qc3 Nxe4 25. Bxe4 Rxe4 26. Nef5) 23... Re5 (23... d5 $5) 24. Nf3 Ree8 25. Nd2 (25. Nh4 {seems wilder.} c5 26. Qc3 Nxe4 27. Bxe4 Rxe4 28. Nef5) 25... Re7 26. Ndf1 Ne6 (26... N6h5 $11) 27. Qa1 $1 $16 Nc5 28. f3 (28. Ng3 $1 $16) 28... Nh5 $14 29. Rd2 Nf4 (29... Ree8 $11) 30. Ng3 $16 g6 {[%emt 0:01:41][%cal Od6d5] Against Ngf5} 31. Kf2 (31. Qf6 $16 d5 32. cxd5 (32. exd5 cxd5 33. Kf2 Re6 $16) 32... cxd5 33. Ngf1 (33. exd5 Rxd5 34. Nxd5 Rxe1+ 35. Kf2 Nxd5 $11)) 31... Re5 $1 $14 32. Red1 (32. Ne2 $11 Nxe2 33. Rdxe2) 32... Qe7 $1 $15 33. a3 (33. Ne2 $1 $11 Qh4+ 34. g3 Nxh3+ 35. Kg2) 33... h5 (33... Qh4 $15 34. Rxd6 Rxd6 35. Rxd6 Re8) 34. b4 $1 $11 Nce6 (34... Na6 $11 {remains equal.}) 35. c5 $1 $16 Nxh3+ 36. gxh3 Ng5 37. Rxd6 (37. bxa5 Nxh3+ 38. Ke2 (38. Kg2 $2 Qg5 $19) 38... Qg5 $19 (38... Rxc5 39. a6 $17)) 37... Re8 38. Ke2 {[%emt 0:01:38] f4 would now be deadly.} (38. bxa5 Nxh3+ 39. Ke1 Qg5 $11 (39... Rxc5 $2 40. Bb3 $16)) 38... Nxh3 39. Kd2 $1 {[%emt 0:02:08] Hoping for Bb3.} (39. bxa5 Qh4 (39... Rxc5 40. Bb3 $16) 40. Nef1 Nf4+ (40... Rxc5 41. Bb3 $14) 41. Kd2 Qg5 $11) 39... Qg5 $2 (39... Qh4 $16 {was worth a try.}) 40. Ngf1 (40. Ne2 $18 {is the precise move to win.}) 40... Nf2 (40... Ng1 $16 {was called for.}) 41. Re1 $18 Qf4 42. Kc3 (42. bxa5 Qxf3 43. Kc1 Rxc5 $11 (43... Nxe4 44. Rd8 $11)) (42. Ke2 $18 Nh3 43. Nd2 (43. bxa5 $2 Ng1+ 44. Kd1 Nxf3 $19)) 42... Qxf3 43. Nd2 Qf4 (43... axb4+ $2 44. Kxb4 Qh3 45. Nec4 $18) 44. Nec4 (44. bxa5 $2 Rxc5+ 45. Ndc4 Qxd6 $19) 44... Rg5 45. Rf1 (45. bxa5 Rxc5 46. Kb3 Rb5+ 47. Ka2 Be6 48. Rxe6 (48. Qd4 c5 $17) 48... fxe6 $16 (48... Rxe6 49. Rf1 $14)) ({White should play} 45. Kb3 $14 Be6 46. Ka4 (46. bxa5 h4 $17)) 45... Bh3 $11 {[%emt 0:00:15] The board is on fire.} 46. Re1 (46. Rg1 $11 {keeps the balance.}) 46... h4 $17 {[%emt 0:00:14][%mdl 1024] Black has strong compensation. Black is much more active.} 47. Re3 (47. bxa5 Be6 (47... Rxc5 48. Kb4 $15) 48. Kb4 h3 $15) 47... Bg2 $1 $36 {[%emt 0:00:22][%mdl 2048] aiming for ...Rg3. Black is in control.} 48. e5 $2 (48. Kb3 $17 {is a better chance.} Rg3 (48... Nxe4 $2 49. Nxe4 Bxe4 50. Rxe4 $18) 49. Qd4) 48... Bd5 $2 ({Black should try} 48... Rg3 $19 49. Rxg3 Qxg3+ (49... hxg3 50. Rd4 $11) 50. Kb2 Bd5) 49. Rf6 $14 Qh2 {[%emt 0:02:13] [#] ...Ng4 is the strong threat.} 50. Qf1 $1 Rg2 (50... axb4+ $14 51. Kxb4 Ng4) 51. Re2 (51. Nf3 $16 Bxf3 52. Rexf3 (52. Rfxf3 Ng4 $17)) 51... Ng4 $11 (51... axb4+ 52. Kxb4 Nh3 53. Rxg2 Bxg2 54. Qe2 $16) 52. e6 $2 {[%emt 0:02:12][%mdl 8192] [#]} (52. Rxg2 $11 Bxg2 53. Qf4 Qh3+ 54. Kb2 Nxf6 55. exf6) 52... Rxe6 $2 (52... Rxe2 53. Rxg6+ Kh8 54. Qxf7 Qg3+ 55. Kb2) ({Better is} 52... Nxf6 $1 $19 53. exf7+ Kxf7 54. Rxe8 Bxc4 (54... Kxe8 55. Qxf6 Bxc4 56. Kxc4 $15) 55. Kxc4 Rf2 (55... Kxe8 56. Qxf6 Rxd2 57. Bxg6+ Kd7 58. Bf5+ Kc7 59. Bd3 $17) (55... Rxd2 56. Rf8+ Kxf8 57. Qxf6+ Ke8 58. Bxg6+ Kd7 59. Bf5+ Kc7 60. Bd3 $15) 56. Bxg6+ Kxg6 57. Qd3+ Kf7) 53. Rxf7 $2 (53. Rfxe6 $11 fxe6 54. Rxg2 Qxg2 55. Qxg2 (55. bxa5 h3 $15) (55. Bxg6 $2 {perishes.} axb4+ 56. Kxb4 Qxf1 $19) 55... Bxg2 56. Bxg6 (56. Nxa5 h3 $11)) 53... Rexe2 $19 54. Rf8+ Kg7 {[%emt 0:00:33] Quite a comeback for Black.   Weighted Error Value: White=0.53/Black=0.43.  Loses game:     	White=3     	Black=1      Missed win:     	White=1     	Black=2      Mistake:       	White=8     	Black=7      Inaccurate:     	White=1     	Black=4      OK:         	White=13    	Black=19     Best:        	White=2     	---        Strong:       	White=5     	Black=3} 0-1

[Event "14th Karen Asrian Memorial 2024"]
[Site "Yerevan"]
[Date "2024.04.29"]
[Round "6.7"]
[White "Sukiasyan, Vahe A."]
[Black "Nigalidze, Gaioz"]
[Result "1-0"]
[ECO "A43"]
[WhiteElo "2258"]
[BlackElo "2373"]
[Annotator "TA"]
[PlyCount "73"]
[EventDate "2024.04.24"]
[EventType "swiss"]
[EventCountry "ARM"]
[SourceTitle "playchess.com"]
[Source "ChessBase"]
[SourceQuality "1"]
[TimeControl "40/5400+30:1800+30"]

1. d4 c5 2. d5 g6 3. e4 d6 4. Nc3 Bg7 5. Nf3 Nf6 6. Bb5+ Bd7 7. a4 O-O 8. h3 Na6 9. O-O Nc7 10. Bc4 a6 11. e5 Nfe8 {[%emt 0:05:47] The position is equal.} 12. Qe2 dxe5 13. Nxe5 Nd6 14. Bf4 Be8 15. Ba2 b5 16. Rad1 b4 17. Ne4 Bxa4 {[%emt 0:00:09] Threatens to win with ...Bxe5.} (17... Nxe4 $2 18. Qxe4 Bxa4 19. Nc6 $18) 18. Nc6 (18. Nxc5 $16 Bb5 19. Ncd3) 18... Bxc6 $11 19. dxc6 Ncb5 20. Nxc5 Qa5 21. Bb3 {[%emt 0:07:26] This pair of bishops is nice.} Nd4 $1 {[%emt 0:01:10] [#]} 22. Rxd4 Bxd4 23. Nd7 (23. Qxe7 Nc8 (23... Nf5 24. Nb7 $15) 24. Bxf7+ (24. Qb7 $2 Bxc5 25. Qxa8 Nd6 $19) 24... Rxf7 $11) 23... Rfe8 (23... Qf5 $1 $14 24. Bxd6 exd6) 24. Rd1 $2 ({White has to play} 24. Bxd6 $1 $18 exd6 25. Qc4 (25. Bxf7+ Kxf7 26. Qc4+ Re6 $14)) 24... Bg7 (24... Bxb2 $11 25. Qf3 Kh8) 25. Qf3 $36 {[%emt 0:00:03][%mdl 2048] White is really pushing. White has more active pieces.} Qf5 $2 {[%emt 0:01:47] [#]} (25... Kh8 $16) 26. g4 $1 $18 Qe4 27. Qxe4 Nxe4 28. Nb6 {[%emt 0:00:04] Against Rac8} Rac8 29. Nxc8 Rxc8 {[%emt 0:00:02] [#]} 30. Rd7 $1 {[%emt 0:00:46] And now c7 would win.} Nc5 31. Rxe7 Nxb3 32. cxb3 {[%emt 0:00:06] Hoping for Rb7. KRB-KRB} g5 (32... Bf6 $142 33. Rc7 Rxc7 34. Bxc7 Kf8 35. Bd6+ Ke8) 33. Rc7 (33. Bxg5 h6 34. Bf4 Rxc6 $16) ({Don't do} 33. Bd6 Bf6) 33... Re8 (33... Rxc7 {was necessary.} 34. Bxc7 Kf8) 34. Bxg5 {[%emt 0:00:27] White is clearly winning.} Bxb2 35. Rd7 Kg7 36. c7 {[%emt 0:00:41] Rd8 is the strong threat.} Rc8 37. Bf4 {[%emt 0:00:04] Weighted Error Value: White=0.21 (precise) /Black=0.64.  Loses game:     	---       	Black=1      Missed win:     	White=1     	---        Mistake:       	White=1     	Black=4      Inaccurate:     	White=1     	Black=4      OK:         	White=10    	Black=6      Best:        	White=2     	Black=1      Strong:       	White=2     	Black=1      Brilliant:      	White=1     	---} 1-0

[Event "14th Karen Asrian Memorial 2024"]
[Site "Yerevan"]
[Date "2024.04.29"]
[Round "6.8"]
[White "Nalbandyan, Vahan"]
[Black "Sahakyan, Aleks"]
[Result "1-0"]
[ECO "C64"]
[WhiteElo "2110"]
[BlackElo "2339"]
[Annotator "TA"]
[PlyCount "91"]
[EventDate "2024.04.24"]
[EventType "swiss"]
[EventCountry "ARM"]
[SourceTitle "playchess.com"]
[Source "ChessBase"]
[SourceQuality "1"]
[TimeControl "40/5400+30:1800+30"]

1. e4 e5 2. Nf3 Nc6 3. Bb5 a6 4. Ba4 Bc5 5. O-O Nge7 {[%emt 0:00:06] [#]} 6. c3 (6. Nxe5 $1 $16 Nxe5 7. d4) 6... Ba7 $14 7. d4 Ng6 8. Bg5 f6 {[%emt 0:00:12] White is slightly better.} 9. Be3 O-O 10. Re1 d6 11. Nbd2 Kh8 12. h3 exd4 13. Nxd4 Nxd4 14. Bxd4 Bxd4 (14... c5 $5 15. Be3 $8 f5 16. exf5 Bxf5 $11) 15. cxd4 d5 (15... f5 $15) 16. exd5 $11 Qxd5 17. Ne4 Bf5 18. Bb3 $36 {[%emt 0:04:00][%mdl 2048] White fights for an advantage.} Qd7 {[%emt 0:11:59] Black is on the road to losing.} (18... Qd8 $14) 19. Nc5 $16 Qc6 20. Rc1 Rfe8 {[%emt 0:09:56] Inhibits Be6.} 21. d5 Rxe1+ 22. Qxe1 Qb5 (22... Qb6 {is a better defense.} 23. Qc3 Ne5) 23. Ne6 Re8 24. Qd2 {[%emt 0:01:50] Wards off Nf4} Qb6 25. Nxc7 Rd8 26. Qe3 Qxe3 27. fxe3 {[%emt 0:00:05] And now Ne6 would win.} Rc8 28. Rc3 h5 29. a4 Ne5 30. a5 Nf7 31. Ne6 Rxc3 (31... Nd6 {was worth a try.} 32. Rxc8+ Nxc8) 32. bxc3 $18 {[%emt 0:00:05][%cal Bb2c3,Bc3c4,Bc4c5][%mdl 4128] Endgame. Black must now prevent c4. KBN-KBN} Nd6 (32... Kg8 33. Nd4 Bd7) 33. Nc5 (33. c4 $142 {Strongly threatening c5.} Nf7 34. c5) 33... Kg8 34. Kf2 Be4 35. c4 Kf8 $2 (35... Kf7 36. Ne6 Bd3) 36. Ne6+ Ke7 37. c5 Nf5 38. g4 hxg4 39. hxg4 Nh6 40. Kg3 g6 41. Kf4 Bd3 42. d6+ Kd7 43. Nd4 {[%emt 0:00:14] [#] White wants to mate with Be6+.} g5+ 44. Kf3 {[%emt 0:00:06] White threatens Be6+ and mate.} f5 45. Be6+ Kd8 46. Nxf5 {[%emt 0:00:20] Weighted Error Value: White=0.13 (very precise) /Black=0.50.  Mistake:       	White=1     	Black=6      Inaccurate:     	White=1     	Black=2      OK:         	White=16    	Black=10     Best:        	White=3     	Black=2} 1-0

[Event "14th Karen Asrian Memorial 2024"]
[Site "Yerevan"]
[Date "2024.04.30"]
[Round "7.1"]
[White "Petrosyan, Manuel"]
[Black "Babujian, Levon"]
[Result "1-0"]
[ECO "B48"]
[WhiteElo "2616"]
[BlackElo "2338"]
[Annotator "TA"]
[PlyCount "56"]
[EventDate "2024.04.24"]
[EventType "swiss"]
[EventCountry "ARM"]
[SourceTitle "playchess.com"]
[Source "ChessBase"]
[SourceQuality "1"]
[TimeControl "40/5400+30:1800+30"]

1. e4 c5 2. Nf3 e6 3. d4 cxd4 4. Nxd4 Nc6 5. Nc3 Qc7 6. Be3 a6 7. Qf3 Ne5 8. Qg3 Nf6 9. f4 {[%emt 0:09:06] White is slightly better.} Neg4 10. Bg1 Bb4 11. O-O-O {[%emt 0:03:15] [#] Hoping for e5.} Bxc3 12. bxc3 {[%emt 0:00:06] aiming for e5.} h5 $1 13. Bd3 {[%emt 0:02:43] e5 is the strong threat.} Qxc3 {[%emt 0:00:00] [#] Black is on the road to losing.} (13... h4 $14 14. Qf3 e5) 14. Nb3 $1 $16 a5 (14... b6 {is a better defense.}) 15. Bd4 $18 Qb4 16. c3 Qa3+ 17. Kb1 {[%emt 0:00:11] And now h3 would win.} b6 18. h3 (18. Bxb6 Rb8 19. Ba7 (19. Bd4 $2 a4 $19) 19... Rb7 $17) 18... a4 19. Nd2 Bb7 (19... h4 $142) 20. hxg4 Ra5 21. Nc4 Nxe4 22. Bxe4 Bxe4+ 23. Ka1 Qe7 24. Nxa5 bxa5 25. Rxh5 Rxh5 26. gxh5 Qa3 27. Qxg7 {[%emt 0:01:14] White threatens h6 and mate.} Kd8 28. Qg5+ f6 {[%emt 0:00:00] Weighted Error Value: White=0.06 (flawless) /Black=0.83.  Mistake:       	---       	Black=3      Inaccurate:     	---       	Black=3      OK:         	White=5     	Black=2      Best:        	White=3     	Black=1      Strong:       	White=1     	Black=1} 1-0

[Event "14th Karen Asrian Memorial 2024"]
[Site "Yerevan"]
[Date "2024.04.30"]
[Round "7.2"]
[White "Hayrapetyan, Hovik"]
[Black "Pranesh M"]
[Result "1/2-1/2"]
[ECO "D47"]
[WhiteElo "2432"]
[BlackElo "2538"]
[Annotator "TA"]
[PlyCount "79"]
[EventDate "2024.04.24"]
[EventType "swiss"]
[EventCountry "ARM"]
[SourceTitle "playchess.com"]
[Source "ChessBase"]
[SourceQuality "1"]
[TimeControl "40/5400+30:1800+30"]

1. d4 d5 2. c4 e6 3. Nc3 Nf6 4. Nf3 c6 5. e3 Nbd7 6. Bd3 dxc4 7. Bxc4 b5 8. Bd3 Bb7 9. e4 b4 10. Na4 c5 11. e5 Nd5 12. O-O Rc8 13. Qe2 Be7 14. Bd2 ({Better is} 14. Nxc5 $11 Nxc5 15. dxc5) 14... O-O ({Black should try} 14... cxd4 $15 15. Nxd4 O-O) 15. Nxc5 $11 Bxc5 16. dxc5 (16. Ng5 $5 h6 (16... Bxd4 $2 17. Bxh7+ Kh8 18. Qh5 $18) 17. Qe4 $17) 16... Nxc5 {[%emt 0:02:01] Excellent horsemanship.} 17. Bxh7+ Kxh7 18. Ng5+ Kg6 $1 (18... Kg8 $2 19. Qh5 Nf6 20. exf6 $18) 19. h4 (19. Qg4 $5 f5 $8 20. Qg3 $11 (20. exf6 Nxf6 21. Qg3 Qd5 $15)) 19... Rh8 20. Qg4 f5 21. Qg3 {[%emt 0:00:01] The board is on fire.} f4 22. Bxf4 Nxf4 23. Nh3+ (23. Nxe6+ $11 Kf5 24. Nxd8 (24. Nxf4 Qxh4 25. Qg6+ Kxe5 $11) 24... Ne2+ 25. Kh2 Nxg3 26. fxg3+ Kg6 (26... Kxe5 $2 27. Nf7+ Ke6 28. Nxh8 $18) 27. Nf7) 23... Kf7 $17 24. Qxf4+ {[%emt 0:00:15] [#]} Kg8 $1 25. Ng5 {[%emt 0:00:15] [#]} Qe8 {[%emt 0:03:44] Against Qf7+} (25... Qf8 $1 $17 26. Qxb4 a5) 26. Rac1 (26. Rfd1 $5) 26... Qh5 {[%emt 0:10:30] White must now prevent ...Rf8.} (26... a5 {simplifies} 27. Qd4 Nd7 28. Rxc8 Qxc8 29. Nxe6 Nf8) 27. f3 Rf8 $1 (27... Qxh4 28. Qf7#) 28. Qd4 (28. Qxb4 Nd3 29. Qe7 (29. Qxb7 Qxh4 30. Nh3 Nxc1 $17) 29... Bd5 $17) 28... Qxh4 (28... Nd3 $11 {remains equal.} 29. Qxd3 Qxh4) 29. Qxh4 $16 (29. Qxc5 $2 Qxg5 30. Rcd1 Bxf3 31. Rxf3 Rxf3 $19) 29... Rxh4 30. Rxc5 Bd5 31. g4 {[%emt 0:03:00] Prevents Rh5.} Rh6 $1 32. Rc2 (32. a3 $14) 32... Rg6 $11 {[%emt 0:00:54] The position is equal.} 33. f4 Rh6 34. Rh2 Rc8 35. f5 {[%emt 0:00:54] Strongly threatening f6.} Rc4 36. Rxh6 Rxg4+ (36... gxh6 37. Nxe6 Rxg4+ 38. Kh2 Rh4+ 39. Kg3) 37. Kh2 {[%emt 0:00:06][%cal Of5f6] f6! is the strong threat.} Rg2+ 38. Kh3 {[%emt 0:00:01][%cal Of5f6] f6! would kill now.} Rxg5 39. Rxe6 ({Don't blunder} 39. Rg6 $2 Bg2+ (39... Rxf5 $2 {perishes.} 40. Rxf5 exf5 41. Ra6 $18) 40. Kh4 Rxg6 $19 (40... Rxf5 41. Rxf5 exf5 42. Rxg2 $18)) 39... Bxe6 40. fxe6 {[%emt 0:00:00] Weighted Error Value: White=0.14 (very precise) /Black=0.13 (very precise) .  Mistake:       	White=3     	Black=3      Inaccurate:     	White=2     	Black=1      OK:         	White=12    	Black=9      Best:        	White=5     	Black=2      Strong:       	---       	Black=4} 1/2-1/2